 Dungeon Crawl Stone Soup version 0.31-a0-216-g22e908daa7 (webtiles) character file.

Game seed: 11375644979755869290

34 qw the Chopper (level 3, -2/23 HPs)
             Began as a Gargoyle Fighter on July 2, 2023.
             Slain by Sigmund
             ... wielding a +0 scythe
              (5 damage)
             ... on level 2 of the Dungeon.
             The game lasted 00:00:24 (1065 turns).

qw the Chopper (Gargoyle Fighter)                   Turns: 1065, Time: 00:00:24

Health: -2/23      AC: 10    Str: 21    XL:     3   Next: 31%
Magic:  3/3        EV:  9    Int:  8    God:
Gold:   84         SH:  4    Dex:  9    Spells: 2/2 levels left

rFire   . . .        Y - +1 war axe
rCold   . . .        c - +0 buckler
rNeg    + . .        b - +0 scale mail
rPois   inf          (no helmet)
rElec   +            (no cloak)
rCorr   .            (no gloves)
SInv    .            (no boots)
Will    .....        (no amulet) Stlth
                     (no ring)
HPRegen 0.23/turn    (no ring)
MPRegen 0.08/turn

%: no passive effects
@: no status effects
A: sickness immunity, AC +3, negative energy resistance 1, electricity
resistance, torment resistance 1, petrification resistance
a: no special abilities


You were on level 2 of the Dungeon.
You visited 1 branch of the dungeon, and saw 2 of its levels.

You collected 84 gold pieces.


Innate Abilities, Weirdness & Mutations

You are immune to sickness and miasma.
Your stone body is resilient. (AC +3)
You are immune to poison.
You resist negative energy. (rN+)
You are resistant to electric shocks. (rElec)
You are resistant to unholy torment.
You are immune to petrification.


   Skills:
 - Level 3.2 Fighting
 + Level 3.3 Axes
 - Level 3.2 Armour
 - Level 3.2 Shields


You had 2 spell levels left.
You didn't know any spells.
Your spell library was empty.

Inventory:

Hand Weapons
 e - a +0 mace
 Y - a +1 war axe (weapon)
Armour
 b - a +0 scale mail (worn)
 c - a +0 buckler (worn)
Scrolls
 i - a scroll of identify
Potions
 d - a potion of might
 f - a potion of resistance
 j - a potion of curing {unknown}

Dungeon Overview and Level Annotations

Branches:
Dungeon (2/15)

Altars:

Shops:
D:1 (

Annotations:
D:2 Sigmund


Message History

999 ||| READING scroll labelled RIMYAQIMISK.
As you read the scroll labelled RIMYAQIMISK, it crumbles to dust.
It is a scroll of enchant weapon.
Your +0 war axe glows red for a moment.
Done exploring.
1000 ||| READING 2 scrolls of identify.
As you read the scroll of identify, it crumbles to dust.
f - a potion of resistance
1000 ||| IDENTIFYING glowing pink potion Done exploring.
(D) Dungeon
Where to? (* - list waypoints, ? - help)
What level of the Dungeon? (default 1, ? - help)
Things that are here:
a +0 spear; a gnoll corpse
There is a stone staircase leading down here.
You climb downwards.
Sigmund shouts!
Found a scroll labelled UMUEH ZUOWEECH and a scroll of revelation.
There is a stone staircase leading up here.
Sigmund is nearby!
Waypoint 1 assigned to D:2.
Sigmund points at you and mumbles some strange words.
You are confused.
Sigmund hits you from afar with a +0 scythe.
Sigmund points at you and mumbles some strange words.
You resist with significant effort.
Sigmund gestures wildly while chanting.
Sigmund flickers and vanishes!
Deactivating autopickup; reactivate with Ctrl-A.
Something hits you but does no damage.
You feel less confused. Something hits you!
You closely miss something. You barely miss something. Something hits you.
You closely miss something. Something hits you.
You slash something! Something hits you.
You die...

####### #.....#
#.....# #<....#
#.....#
#######.....###
......{@.?.....
........##+####
........#
####.?.## +...
#... ##.# #.


There were no monsters in sight!

Vanquished Creatures
  A gnoll (D:1)
  2 dart slugs (D:1)
  A ball python (D:1)
  An endoplasm (D:1)
  A giant cockroach (D:1)
  2 goblins (D:1)
  2 hobgoblins (D:1)
  3 kobolds (D:1)
  A quokka (D:1)
  2 bats (D:1)
  A frilled lizard (D:1)
  4 rats (D:1)
21 creatures vanquished.

Notes
Turn   | Place    | Note
-------+----------+-------------------------------------------
     0 | D:1      | qw the Gargoyle Fighter began the quest for the Orb.
     0 | D:1      | Reached XP level 1. HP: 14/14 MP: 1/1
     0 | D:1      | 0 ||| qw: Version: 0.3-a-35-g05ef00e
     0 | D:1      | 0 ||| qw: Game counter: 7858
     0 | D:1      | 0 ||| qw: Melee chars always use a shield: true
     0 | D:1      | 0 ||| qw: God list: Okawaru
     0 | D:1      | 0 ||| qw: Allow faded altars: false
     0 | D:1      | 0 ||| qw: Do Orc after clearing Dungeon:15 true
     0 | D:1      | 0 ||| qw: Do second Lair branch before Depths: true
     0 | D:1      | 0 ||| qw: Lair rune preference: random
     0 | D:1      | 0 ||| qw: Goals: Normal, Zot:1-4, Slime:5, God:TSO, Crypt,
                  | Tomb, Abyss, Pan, Hells, Win
     0 | D:1      | 0 ||| PLANNING D:1-11
   164 | D:1      | Reached XP level 2. HP: 19/19 MP: 2/2
   181 | D:1      | 181 ||| Stepping ~*~*~tactically~*~*~ (hiding).
   607 | D:1      | Found Fehanom's Weapon Boutique.
   611 | D:1      | Reached skill level 3 in Axes
   910 | D:1      | Reached XP level 3. HP: 23/23 MP: 3/3
   996 | D:1      | 996 ||| READING scroll labelled FOOGYS JOFF.
   997 | D:1      | 997 ||| READING scroll labelled POERIRREOT.
   998 | D:1      | 998 ||| READING 3 scrolls labelled ZAAGELYCYLLU.
   999 | D:1      | 999 ||| READING scroll labelled RIMYAQIMISK.
  1000 | D:1      | 1000 ||| READING 2 scrolls of identify.
  1000 | D:1      | 1000 ||| IDENTIFYING glowing pink potion
  1054 | D:2      | Noticed Sigmund
  1064 | D:2      | HP: 3/23 [something (6)]
  1065 | D:2      | Slain by Sigmund

Levels and vault maps discovered:
D:1:      onia_arrival_mini_spirals, layout_basic, serial_shops,
          nicolae_shop_gibbet_a_chance
D:2:      minmay_evil_eye, layout_basic, basic_altar, minmay_hexomino_r4,
          uniq_sigmund

Skill      XL: |  1  2 |
---------------+-------+-----
Axes           | 2 3 |  3.3
Fighting       | |  3.2
Armour         | |  3.2
Shields        | |  3.2

Action                     || total
---------------------------++-------
  Melee: War axe           ||    63
    Use: Scroll            ||     5
 Armour: Scale mail        ||    28
  Dodge: Dodged            ||    28
  Block: Buckler           ||    13

Table legend:
 A = Non-vault XP
 B = Vault XP
 C = Vault XP percentage of total XP
 D = Non-vault monster count
 E = Vault monster count
 F = Vault count percentage of total count
                 A         B        C        D         E       F
            +---------+---------+-------+---------+---------+-------
      Total |      49 |       0 |   0.0 |      21 |       0 |   0.0
            +---------+---------+-------+---------+---------+-------
        D:1 |      49 |       0 |   0.0 |      21 |       0 |   0.0
            +---------+---------+-------+---------+---------+-------
